 Dungeon Crawl Stone Soup version 0.29.1-15-g9cfb28693d (webtiles) character file.

Game seed: 3104860080916301874

33 Ihaveafatcat the Covered (level 3, -4/33 HPs)
             Began as a Minotaur Fighter on Mar 30, 2023.
             Slain by a gnoll
             ... wielding a +0 club
              (5 damage)
             ... on level 2 of the Dungeon.
             The game lasted 00:02:10 (757 turns).

Ihaveafatcat the Covered (Minotaur Fighter)          Turns: 757, Time: 00:02:13

Health: -4/33      AC:  7    Str: 22    XL:     3   Next: 12%
Magic:  2/2        EV:  9    Int:  5    God:
Gold:   63         SH:  4    Dex:  9    Spells: 2/2 levels left

rFire   . . .      SeeInvis .   a - +0 war axe
rCold   . . .      Faith    .   c - +0 buckler
rNeg    . . .      Spirit   .   b - +0 scale mail
rPois   .          Reflect  .   (helmet restricted)
rElec   .          Harm     .   (no cloak)
rCorr   .          Rampage  .   (no gloves)
Will    .....                   (no boots)
Stlth   ..........              (no amulet)
HPRegen 0.11/turn               (no ring)
MPRegen 0.08/turn               (no ring)

@: mighty, lethally poisoned (-4 -> -19)
A: horns 2, retaliatory headbutt
a: no special abilities


You were on level 2 of the Dungeon.
You visited 1 branch of the dungeon, and saw 2 of its levels.

You collected 63 gold pieces.

Inventory:

Hand Weapons
 a - a +0 war axe (weapon)
Armour
 b - a +0 scale mail (worn)
 c - a +0 buckler (worn)
Scrolls
 h - a scroll of amnesia {unknown}
Potions
 e - a potion of resistance {unknown}
 f - a potion of curing {unknown}
 g - a potion of haste {unknown}


   Skills:
 + Level 4.1 Fighting
 + Level 3.0 Axes
 + Level 4.1 Armour
 + Level 4.1 Shields


You had 2 spell levels left.
You didn't know any spells.
Your spell library was empty.

Dungeon Overview and Level Annotations

Branches:
Dungeon (2/15)

Altars:

Shops:
D:1 [


Innate Abilities, Weirdness & Mutations

You have a pair of horns on your head.
You reflexively headbutt those who attack you in melee.


Message History

Found 4 stones.
The gnoll hits you but does no damage. You block the gnoll's attack.
There are monsters nearby!
You barely miss the gnoll. The gnoll hits you with a +0 spear.
The gnoll barely misses you. You block the gnoll's attack.
The gnoll hits you from afar with a +1 halberd of venom!
You are poisoned.
There are monsters nearby!
You are too injured to fight recklessly!
There are monsters nearby!
You are too injured to fight recklessly!
There are monsters nearby!
You are too injured to fight recklessly!
There are monsters nearby!
You are too injured to fight recklessly!
You are too injured to fight recklessly!
There are monsters nearby!
You are too injured to fight recklessly!
There are monsters nearby!
You are too injured to fight recklessly!
There are monsters nearby!
You are too injured to fight recklessly!
There are monsters nearby!
You are too injured to fight recklessly!
You are too injured to fight recklessly!
You slash the gnoll!
The gnoll is severely wounded.
You hit the gnoll.
You feel very sick. The gnoll completely misses you.
The gnoll hits you with a +0 spear.
The gnoll hits you from afar with a +1 halberd of venom.
* * * LOW HITPOINT WARNING * * *
You are more poisoned.
You feel very mighty all of a sudden.
* * * LOW HITPOINT WARNING * * *
You feel very sick. The gnoll hits you with a +0 spear.
* * * LOW HITPOINT WARNING * * *
The gnoll hits you with a +0 club.
You die...

#.#
#.............#....
#.#
##...######......#
#.# ##.#####
#.###..#
#.#####.....#
#.###..#
#......)..#.#
#...$..##.
#########.#
#.......<.. .#
#....####.# .#
#.#.## . #@#.#
#...ggg#.#
....#..g#.. #.
#...... .......#
....... ........
.###..(##.


You could see 4 gnolls.

Vanquished Creatures
  A dart slug (D:1)
  4 ball pythons (D:1)
  4 bats
  3 endoplasms (D:1)
  A giant cockroach (D:1)
  3 goblins
  3 hobgoblins (D:1)
  A quokka (D:1)
  5 frilled lizards (D:1)
  A kobold (D:1)
  4 rats (D:1)
30 creatures vanquished.

Vanquished Creatures (others)
  6 plants (D:1)
6 creatures vanquished.

Grand Total: 36 creatures vanquished

Notes
Turn   | Place    | Note
-------+----------+-------------------------------------------
     0 | D:1      | Ihaveafatcat the Minotaur Fighter began the quest for the
                  | Orb.
     0 | D:1      | Reached XP level 1. HP: 19/19 MP: 0/0
    37 | D:1      | Reached XP level 2. HP: 27/27 MP: 1/1
    92 | D:1      | Found Solaet's Antique Armour Boutique.
   295 | D:1      | Found a faded altar of an unknown god.
   435 | D:1      | Reached XP level 3. HP: 33/33 MP: 2/2
   757 | D:2      | HP: 1/33 [gnoll/+0 spear (3)]
   757 | D:2      | Slain by a gnoll

Illustrated notes

Levels and vault maps discovered:
D:1:      erik_arrival_triangle_small, layout_rooms,
          shapermc_ecumenical_altar_mp_highgroup, serial_shops,
          nicolae_shop_statue_plus, chequers_serial_rivers_marsh,
          minmay_shallow_snake_nest
D:2:      layout_loops_ring, uniq_sigmund

Skill      XL: |  1  2 |
---------------+-------+-----
Fighting       | 4 |  4.1
Armour         | 4 |  4.1
Shields        | 4 |  4.1
Axes           | 3 |  3.0

Action                   || total
-------------------------++-------
Melee: War axe           ||    71
       Headbutt          ||     3
  Use: Potion            ||     1
Armor: Scale mail        ||    28
Dodge: Dodged            ||    29
Block: Buckler           ||    23
